 Dungeon Crawl Stone Soup version 0.19-a0-1008-g4c63d25 (webtiles) character file.

842 Gruud the Slasher (level 7, -12/50 HPs)
             Began as a Demonspawn Gladiator on July 22, 2016.
             Was a Believer of Makhleb.
             Mangled by an orc warrior
             ... wielding a +0 dire flail
              (22 damage)
             ... on level 5 of the Dungeon.
             The game lasted 00:14:04 (4712 turns).

Gruud the Slasher (Demonspawn Gladiator)            Turns: 4712, Time: 00:14:05

Health: -12/50     AC: 16    Str: 16    XL:     7   Next: 67%
Magic:  7/7        EV:  8    Int:  9    God:    Makhleb [**....]
Gold:   243        SH:  0    Dex: 20    Spells: 0 memorised, 6 levels left

rFire  + . .     SeeInvis .     a - +0 long sword
rCold  . . .     Gourm    .     g - +1 chain mail
rNeg   . . .     Faith    .     (no shield)
rPois  .         Spirit   .     (helmet restricted)
rElec  .         Dismiss  .     u - +1 cloak of Rysyxuss {rF+ Dex+5}
rCorr  .         Reflect  .     (no gloves)
SustAt .         Harm     .     (no boots)
MR     .....                    c - amulet of rage
Stlth  ..........               (no ring)
                                v - +3 ring of protection

@: not resistant to hostile enchantments, extremely unstealthy
A: antennae 2, molten scales 1, demonic guardian 1
a: Minor Destruction, Renounce Religion, Evoke Berserk Rage


You were on level 5 of the Dungeon.
You worshipped Makhleb.
Makhleb was pleased with you.
You were not hungry.

You visited 1 branch of the dungeon, and saw 6 of its levels.

You collected 243 gold pieces.

Inventory:

Hand Weapons
 a - a +0 long sword (weapon)
Missiles
 d - 2 throwing nets (quivered)
 r - 7 tomahawks
Armour
 b - a +0 leather armour
 g - a +1 chain mail (worn)
 u - the +1 cloak of Rysyxuss (worn) {rF+ Dex+5}
   (You found it on level 4 of the Dungeon)

   It affects your dexterity (+5).
   It protects you from fire.
Jewellery
 c - an amulet of rage (around neck)
 v - a +3 ring of protection (left hand)
Wands
 m - a wand of flame (0/48)
 t - a wand of flame (18/48)
Scrolls
 h - 4 scrolls of teleportation
 i - 2 scrolls of remove curse
 k - a scroll of identify
 q - 2 scrolls of random uselessness {unknown}
Potions
 e - 3 potions of curing
 n - 2 potions of resistance {unknown}
 p - a potion of heal wounds {unknown}
Comestibles
 f - 3 bread rations
 j - a slice of pizza
 l - a beef jerky
 o - 14 chunks of flesh
 s - 2 meat rations


   Skills:
 - Level 2.0 Fighting
 * Level 7.2 Long Blades
 - Level 1.7 Throwing
 + Level 3.9 Armour
 + Level 3.0 Dodging


You had 6 spell levels left.
You didn't know any spells.

Dungeon Overview and Level Annotations

Branches:
Dungeon (6/15)             Temple (0/1) D:4

Altars:
Cheibriados
Fedhas
Kikubaaqudgha
Makhleb
Okawaru
Pakellas
Qazlal
Yredelemnul

Annotations:
D:6 Prince Ribbit


Innate Abilities, Weirdness & Mutations

You have a pair of antennae on your head.
You are partially covered in molten scales. (AC +1)
A weak demonic guardian rushes to your aid.


Message History

The orc hits you but does no damage. x2
The orc priest invokes the aid of Beogh against you.
Beogh smites you!
The orc warrior hits you but does no damage.
You slash the orc priest!
The orc priest is almost dead.
The orc hits you with a flail.
* * * LOW HITPOINT WARNING * * *
The orc priest hits you but does no damage.
The orc barely misses you.
You riposte.
You hit the orc but do no damage.
The orc is moderately wounded.
The orc warrior hits you with a dire flail!
* * * LOW HITPOINT WARNING * * *
You feel better. The orc hits you with a flail.
* * * LOW HITPOINT WARNING * * *
The orc priest looks braver for a moment.
The orc barely misses you.
You riposte.
You hit the orc.
The orc is almost dead.
The orc warrior hits you with a dire flail!!
You die...

<...########
..#......... ......#
#.########## #.....#
#..## #.....#
##..### #.....#
....... ### .....
####.## .[. ...
.###.##### #.##o#
.........# #..#@##
##.......# #.ooo##
#.......# ###...#
#.......# #.#...#
#.......# #.###....
#.......## #.# #...
#........# #.# ...
#####.##.######.###
..
##.....#.....##....#


You could see an orc warrior, an orc priest and 2 orcs.

Vanquished Creatures
  An ogre (D:4)
  2 vampire bats (D:3)
  A crimson imp (D:3)
  3 orc wizards (D:4)
  4 worker ants
  Robin (D:2)
  4 gnolls (D:5)
  8 adders
  An ooze (D:4)
  An adder skeleton (D:4)
  4 worms
  A dart slug (D:1)
  A giant gecko (D:4)
  7 orcs (D:4)
  3 bat skeletons (D:3)
  4 bat zombies (D:3)
  5 giant cockroaches
  18 goblins
  14 hobgoblins
  7 jackals
  4 kobolds (D:1)
  2 ball pythons
  11 bats
  2 giant gecko skeletons (D:4)
  6 giant newts
  A jackal skeleton (D:4)
  8 rats
124 creatures vanquished.

Vanquished Creatures (collateral kills)
  2 ogres
  A vampire bat (D:3)
  A crimson imp (D:5)
  A hound (D:5)
  An orc wizard (D:4)
  A ball python (D:4)
7 creatures vanquished.

Vanquished Creatures (others)
  A hobgoblin (D:1)
1 creature vanquished.

Grand Total: 132 creatures vanquished

Notes
Turn   | Place    | Note
-------+----------+-------------------------------------------
     0 | D:1      | Gruud the Demonspawn Gladiator began the quest for the Orb.
     0 | D:1      | Reached XP level 1. HP: 16/16 MP: 1/1
    44 | D:1      | Reached skill level 3 in Long Blades
   108 | D:1      | Gained mutation: You have a pair of small antennae on your head. [demonic ancestry]
   108 | D:1      | Reached XP level 2. HP: 9/22 MP: 2/2
   134 | D:1      | HP: 1/22 [jackal (3)]
   650 | D:2      | Noticed Robin
   939 | D:1      | Reached XP level 3. HP: 27/27 MP: 3/3
  1330 | D:1      | Reached skill level 1 in Armour
  1664 | D:2      | Reached skill level 4 in Long Blades
  1705 | D:2      | Gained mutation: A weak demonic guardian rushes to your aid. [demonic ancestry]
  1705 | D:2      | Reached XP level 4. HP: 28/33 MP: 4/4
  1709 | D:2      | Killed Robin
  2025 | D:2      | Found an oddly glowing altar of Pakellas.
  2071 | D:2      | Found a stormy altar of Qazlal.
  2476 | D:3      | Found an ancient bone altar of Kikubaaqudgha.
  2492 | D:3      | Gained mutation: You are partially covered in molten scales. (AC +1) [demonic ancestry]
  2492 | D:3      | Reached XP level 5. HP: 36/38 MP: 5/5
  2499 | D:3      | Reached skill level 5 in Long Blades
  2557 | D:3      | Found a basalt altar of Yredelemnul.
  2782 | D:3      | Found a burning altar of Makhleb.
  2842 | D:3      | Reached XP level 6. HP: 34/44 MP: 6/6
  2844 | D:3      | Became a worshipper of Makhleb the Destroyer
  3100 | D:4      | Found an iron altar of Okawaru.
  3236 | D:3      | Found a blossoming altar of Fedhas.
  3508 | D:5      | Entered Level 5 of the Dungeon
  3528 | D:4      | Found a staircase to the Ecumenical Temple.
  3548 | D:4      | Reached * piety under Makhleb
  3548 | D:4      | Reached skill level 6 in Long Blades
  3601 | D:4      | Found a snail-covered altar of Cheibriados.
  3687 | D:4      | Gained mutation: You have a pair of antennae on your head. [demonic ancestry]
  3687 | D:4      | Reached XP level 7. HP: 44/50 MP: 7/7
  4088 | D:4      | Got a twisted cloak
  4104 | D:4      | Identified the +1 cloak of Rysyxuss {rF+ Dex+5} (You found it on level 4 of the Dungeon)
  4158 | D:4      | Reached skill level 7 in Long Blades
  4461 | D:4      | Reached ** piety under Makhleb
  4705 | D:6      | Noticed Prince Ribbit
  4712 | D:5      | Mangled by an orc warrior

Vault maps used:
D:1:      saegor_arrival_miasma
D:2:      lemuel_coloured_pillars_altar, nicolae_overflow_hidden_temple,
          uniq_robin
D:3:      fedhas_altar_3, kennysheep_vampire_church, makhleb_grotto_becter,
          overflow_temple_1_default
D:4:      kennysheep_spiral_hall, cheibriados_altar_1, first_bread,
          okawaru_gym_becter
D:5:      old_standard_altar, uniq_blork_the_orc
D:6:      grunt_temple_overflow_open, uniq_prince_ribbit1, uniq_eustachio,
          uniq_menkaure, uniq_edmund

Skill      XL: |  1  2  3  4  5  6  7 |
---------------+----------------------+-----
Long Blades    | 3 4 5 6 7 |  7.2
Armour         | 1 2 3 |  3.9
Dodging        | 3 |  3.0
Fighting       | |  2.0
Throwing       | |  1.7

Action                   |  1- 3 |  4- 6 |  7- 9 || total
-------------------------+-------+-------+-------++-------
Melee: Long sword        |   175 |   291 |   126 ||   592
Throw: Throwing net      |       |     3 |       ||     3
Evoke: Wand              |       |     3 |     9 ||    12
  Use: Scroll            |       |     3 |     2 ||     5
       Potion            |       |       |     1 ||     1
 Stab: Sleeping          |     1 |       |       ||     1
       Held in net/web   |       |     2 |       ||     2
  Eat: Chunk             |     3 |     7 |     3 ||    13
Armor: Leather armour    |    18 |       |       ||    18
       Chain mail        |    70 |   177 |    61 ||   308
Dodge: Dodged            |    85 |   104 |    53 ||   242
